Map: Orbital Shipyard

Players

Defolt

  • Race: Terran Terran
  • League: Master

Miszu - Winner!

  • Race: Terran Terran
  • League: Master

VOD

Have the link to the VOD?

Description

Time

  • Played on: March 18, 2016, 2:32 p.m.
  • Length: 13:47
Show
View Real Time Build Order
Export as new Build Order

Defolt Terran 

Build Orders: 1/1/1, Bio Tank 

Get SALT Encoding   

  12  0:01  SCV  
  13  0:13  SCV  
  14  0:17  Supply Depot  
  14  0:25  SCV  
  14  0:27  Refinery  
  15  0:39  SCV  
  16  0:44  Barracks  
  16  0:51  SCV  
  16  0:54  Refinery  
  17  1:03  SCV  
  18  1:16  SCV  
  19  1:31  Orbital Command  
  19  1:32  Reaper  
  20  1:37  Factory  
  20  2:03  Supply Depot  
  20  2:04  Reaper  
  20  2:05  SCV  
  22  2:17  SCV  
  22  2:22  Starport  
  23  2:25  Hellion  
  25  2:30  SCV  
  26  2:37  Barracks Tech Lab  
  26  2:40  Supply Depot  
  26  2:43  SCV  
  28  2:51  Hellion  
  28  2:55  SCV  
  29  3:05  Barracks Reactor  
  29  3:07  SCV  
  30  3:18  Raven  
  30  3:19  SCV  
  33  3:25  Command Center  
  33  3:36  SCV  
  33  3:38  Hellion  
  33  3:41  Supply Depot  
  36  3:50  Marine x2  
  36  3:52  SCV  
  39  4:02  Viking  
  41  4:06  SCV  
  41  4:09  Supply Depot, Marine  
  42  4:13  Factory Tech Lab  
  42  4:15  Marine  
  44  4:19  SCV  
  44  4:24  Supply Depot  
  45  4:33  SCV  
  45  4:37  Orbital Command  
  46  4:45  Marine x2, SCV  
  49  4:57  SCV  
  48  5:03  SCV  
  48  5:05  Marine  
  48  5:06  Marine, Siege Tank  
  54  5:09  SCV  
  55  5:20  Starport Reactor, Engineering Bay, SCV  
  57  5:21  SCV  
  57  5:28  Engineering Bay  
  57  5:32  Marine x2  
  57  5:33  Barracks  
  58  5:38  SCV  
  58  5:39  SCV  
  57  5:51  Barracks, SCV x2  
  57  5:58  Missile Turret  
  57  6:03  SCV x2  
  59  6:06  Marine x2  
  61  6:15  SCV x2  
  63  6:27  SCV x2  
  58  6:42  Marine x2  
  58  6:43  Marine  
  58  6:44  Barracks Tech Lab  
  58  6:45  Medivac, Stimpack  
  58  6:46  Medivac  
  63  6:51  Command Center  
  59  7:04  Marine  
  59  7:05  Marine x2  
  59  7:11  Marine  
  59  7:12  Siege Tank  
  57  7:22  Marine x3, SCV x2  
  58  7:27  Refinery, Terran Infantry Armor Level 1, Terran Infantry Weapons Level 1  
  58  7:28  Refinery, Combat Shields  
  58  7:29  Marine  
  62  7:40  Marine x3  
  65  7:44  Barracks  
  65  7:47  Marine, Barracks  
  65  7:51  Factory, Siege Tank  
  69  8:07  SCV, Orbital Command  
  69  8:08  SCV  
  69  8:11  Marine x4  
  81  8:19  SCV  
  82  8:20  SCV  
  82  8:24  Armory  
  83  8:29  Marine x3  
  83  8:30  Medivac, Orbital Command  
  83  8:31  Medivac  
  84  8:38  SCV x2  
  86  8:45  Marine  
  86  8:47  Marine x2, Factory Tech Lab  
  86  8:48  Siege Tank  
  93  8:49  Barracks Reactor x2  
  93  8:50  SCV  
  93  8:51  Supply Depot  
  93  8:52  Supply Depot  
  94  8:55  SCV  
  94  9:02  SCV  
  95  9:04  Marine  
  95  9:05  Marine x3  
  95  9:06  Medivac  
  101  9:12  Siege Tank, SCV x2  
  101  9:14  SCV  
  101  9:16  Supply Depot  
  107  9:25  SCV  
  87  9:44  Marine x3  
  77  9:45  Marine, SCV x2  
  77  9:46  Marine x3  
  77  9:49  SCV  
  77  9:51  Marine  
  77  9:52  Siege Tank x2  
  88  9:57  SCV  
  88  9:58  SCV  
  89  10:02  Marine x2  
  88  10:12  Marine x2  
  88  10:13  Marine x4  
  88  10:15  Terran Infantry Weapons Level 2  
  88  10:19  Medivac  
  88  10:20  Marine x2  
  89  10:30  Marine x6  
  93  10:37  Marine  
  84  10:55  Marine  
  84  10:56  Marine x7  
  93  10:57  Medivac, Siege Tank x2  
  93  11:01  Terran Infantry Armor Level 2  
  98  11:10  SCV x3  
  101  11:13  Marine  
  101  11:14  Marine  
  101  11:16  Marine x3  
  106  11:22  SCV x3  
  109  11:31  Marine x3  
  109  11:32  Marine, Siege Tank x2  
  119  11:35  Terran Vehicle Weapons Level 1  
  121  11:41  Liberator  
  121  11:49  Marine  
  121  11:52  Liberator  
  121  11:54  SCV x2  
  121  11:55  SCV  
  125  12:06  Marine x6, SCV  
  125  12:08  Supply Depot  
  122  12:26  Marine x2  
  119  12:34  SCV x3  
  117  12:46  SCV x3  
  120  12:58  SCV  
  121  12:59  SCV x2  
  115  13:19  SCV x3  
  108  13:24  Marine x7  
Show
View Real Time Build Order
Export as new Build Order

Miszu Terran - Winner!

Build Orders: 1/1/1, Bio Tank, Banshee Rush 

Get SALT Encoding   

  12  0:00  SCV  
  13  0:13  SCV  
  14  0:17  Supply Depot  
  14  0:25  SCV  
  14  0:27  Refinery  
  15  0:39  SCV  
  16  0:45  Barracks  
  16  0:52  SCV  
  17  1:04  SCV  
  18  1:17  SCV  
  19  1:24  Refinery  
  19  1:32  Orbital Command  
  19  1:33  Factory  
  19  1:36  Supply Depot  
  19  1:47  Reaper  
  20  1:57  SCV  
  21  2:09  SCV  
  22  2:19  Hellion, Reaper  
  22  2:21  Starport  
  25  2:23  SCV  
  25  2:27  Supply Depot  
  26  2:35  SCV  
  27  2:40  Hellion  
  29  2:47  SCV  
  30  2:52  Barracks Tech Lab  
  30  2:59  SCV  
  30  3:02  Hellion  
  33  3:11  SCV  
  33  3:21  Cloaking Field, Banshee  
  36  3:27  Barracks Reactor  
  36  3:28  SCV  
  36  3:30  Factory Tech Lab  
  37  3:35  Supply Depot  
  37  3:42  Command Center  
  37  3:47  Engineering Bay  
  37  3:50  SCV  
  38  3:57  Cyclone  
  41  4:04  Banshee  
  41  4:07  SCV  
  45  4:18  Missile Turret  
  45  4:23  SCV  
  47  4:35  SCV  
  47  4:39  Supply Depot  
  47  4:47  Missile Turret  
  47  4:48  Command Center  
  47  4:53  SCV  
  47  4:56  SCV  
  49  5:06  SCV  
  51  5:17  Barracks x2  
  51  5:18  SCV  
  51  5:19  Starport Reactor, Orbital Command  
  51  5:30  SCV  
  52  5:42  SCV  
  50  5:43  Marine  
  50  5:44  Marine, Siege Tank  
  50  5:49  SCV  
  56  5:55  SCV  
  54  5:58  Engineering Bay  
  54  5:59  Terran Infantry Weapons Level 1  
  54  6:01  Marine, Refinery, SCV  
  54  6:02  Refinery  
  54  6:03  Marine  
  57  6:07  Orbital Command  
  57  6:08  SCV  
  58  6:14  SCV  
  58  6:15  Barracks Tech Lab, Stimpack  
  56  6:41  Marine x2  
  56  6:42  Marine  
  56  6:43  Medivac x2, Siege Tank  
  56  6:44  SCV x2  
  56  6:47  Combat Shields  
  66  6:51  Barracks  
  66  6:52  Barracks  
  66  6:57  SCV x2  
  66  7:00  SCV  
  69  7:01  Marine  
  70  7:14  Marine x2  
  70  7:15  Marine, Orbital Command  
  72  7:16  SCV  
  72  7:19  Marine, SCV  
  72  7:20  Supply Depot  
  72  7:21  Supply Depot  
  76  7:26  Medivac  
  76  7:27  Siege Tank  
  76  7:29  Terran Infantry Armor Level 1  
  81  7:32  Marine x2, SCV, Armory  
  81  7:36  SCV  
  85  7:41  SCV  
  85  7:42  Marine  
  87  7:44  SCV  
  87  7:45  Barracks Reactor  
  87  7:48  Barracks Reactor, SCV  
  90  7:53  Medivac, SCV  
  90  7:56  SCV  
  94  7:59  Refinery  
  94  8:01  Supply Depot, Refinery, SCV  
  94  8:02  Supply Depot  
  94  8:05  SCV  
  94  8:08  Siege Tank  
  94  8:09  SCV  
  99  8:15  Marine x2  
  101  8:22  Marine x2, Medivac  
  101  8:23  Supply Depot, SCV x3  
  101  8:25  Supply Depot  
  101  8:26  Marine x2  
  110  8:28  Terran Infantry Weapons Level 2  
  110  8:32  Marine  
  110  8:33  Marine  
  112  8:35  SCV  
  112  8:37  Factory, Marine  
  112  8:38  Marine, Terran Vehicle Weapons Level 1  
  112  8:39  SCV  
  112  8:40  Marine, SCV  
  116  8:45  Supply Depot  
  116  8:48  Marine  
  116  8:49  Supply Depot, Marine  
  116  8:50  Marine  
  116  8:51  Marine  
  116  8:53  Siege Tank  
  116  8:54  Supply Depot  
  122  9:02  Sensor Tower  
  122  9:04  Missile Turret  
  122  9:09  Marine x6, Missile Turret  
  128  9:14  Marine  
  129  9:17  Marine  
  129  9:18  Medivac  
  129  9:21  Supply Depot  
  129  9:22  Missile Turret  
  132  9:25  Siege Tank  
  132  9:26  Marine  
  119  9:47  Marine, Marauder  
  119  9:48  Marine x6  
  119  9:49  Factory Tech Lab  
  128  9:57  Siege Tank  
  124  10:05  Marine  
  124  10:06  Marine x6  
  127  10:08  Marine  
  125  10:15  Siege Tank  
  125  10:16  Medivac  
  130  10:23  Marine x2  
  130  10:24  Marine  
  130  10:29  Siege Tank  
  127  10:38  Marine x2  
  127  10:39  Marine x3  
  127  10:41  Marine x3  
  130  10:48  Siege Tank  
  130  10:49  Medivac x2  
  134  10:50  Terran Infantry Armor Level 2  
  134  10:51  Terran Infantry Weapons Level 3  
  134  10:56  Marine x5  
  135  10:59  Marine x3  
  135  11:02  Command Center  
  138  11:09  Terran Vehicle Weapons Level 2  
  138  11:12  Siege Tank  
  138  11:14  Marine x2  
  143  11:19  Medivac  
  143  11:21  Supply Depot, Siege Tank  
  143  11:22  Supply Depot x2  
  147  11:33  Marine  
  147  11:34  Marine x5  
  153  11:40  Marine  
  153  11:41  Marine, Medivac  
  153  11:44  Siege Tank  
  157  11:49  Medivac  
  157  11:51  Marine  
  157  11:52  Marine x2  
  157  11:53  Siege Tank  
  165  11:54  Marine  
  165  11:55  Marine x2  
  165  11:58  Marine x2  
  170  12:09  Marine x3  
  170  12:10  Supply Depot  
  170  12:11  Medivac  
  170  12:12  Supply Depot x2, Marine  
  170  12:13  Marine x2  
  178  12:16  Marine x2, Siege Tank  
  180  12:25  Siege Tank  
  180  12:27  Marine x3  
  185  12:30  Marine x3  
  188  12:37  Marine x2  
  190  12:45  Marine x3, Medivac  
  190  12:48  Marine x2, Siege Tank  
  200  12:57  Marine, Siege Tank  
  195  12:59  Marine x2  
  195  13:02  Marine  
  195  13:03  Marine x2  
  188  13:15  Marine  
  188  13:16  Marine x3  
  188  13:17  Marine  
  173  13:20  Marine  
  173  13:21  Marine x2  
Tags
 
Add a new tag
Caveats
  • Supply blocks, unpowered buildings, or Contaminate may cause inaccurate times.
  • Supply counts are checked every 10 seconds.